 Dungeon Crawl Stone Soup version 0.28-a0-863-g8cecda6153 (webtiles) character file.

Game seed: 11793860842265674304

18 mcbry74 the Cudgeller (level 2, 0/27 HPs)
             Began as a Troll Gladiator on Nov 18, 2021.
             Slain by a goblin (2 damage)
             ... on level 1 of the Dungeon.
             The game lasted 00:01:36 (776 turns).

mcbry74 the Cudgeller (Troll Gladiator)              Turns: 776, Time: 00:01:36

Health: 0/27       AC:  6    Str: 21    XL:     2   Next: 51%
Magic:  1/1        EV: 10    Int:  4    God:
Gold:   25         SH:  0    Dex: 11    Spells: 1/1 levels left

rFire   . . .      SeeInvis .   a - +0 flail
rCold   . . .      Faith    .   (no shield)
rNeg    . . .      Spirit   .   h - +2 robe {Will+}
rPois   +          Reflect  .   c - +0 hat
rElec   .          Harm     .   (no cloak)
rCorr   .          Rampage  .   (gloves unavailable)
Will    +....                   (boots unavailable)
Stlth   +.........              (no amulet)
HPRegen 1.09/turn               l - ring of poison resistance
MPRegen 0.07/turn               (no ring)

@: no status effects
A: large, unfitting armour, claws 3, regeneration 1, shaggy fur 1, tough skin 1
a: no special abilities


You were on level 1 of the Dungeon.
You visited 1 branch of the dungeon, and saw 1 of its levels.

You collected 25 gold pieces.

Inventory:

Hand Weapons
 a - a +0 flail (weapon)
Missiles
 d - 3 throwing nets (quivered)
Armour
 b - a +0 robe
 c - a +0 hat (worn)
 g - a +2 buckler
 h - a +2 robe of willpower (worn)
Jewellery
 l - a ring of poison resistance (left claw)
Scrolls
 e - a scroll of identify {unknown}
 i - a scroll of vulnerability {unknown}
 j - a scroll of summoning {unknown}
 k - a scroll of amnesia {unknown}
Potions
 f - 2 potions of lignification {unknown}


   Skills:
 - Level 1.5 Fighting
 + Level 3.5 Maces & Flails
 - Level 1.7 Throwing
 - Level 2.4 Dodging


You had one spell level left.
You didn't know any spells.
Your spell library was empty.

Dungeon Overview and Level Annotations

Branches:
Dungeon (1/15)

Altars:


Innate Abilities, Weirdness & Mutations

You are too large for most types of armour.
You have claws for hands.
Your natural rate of healing is unusually fast.
You are covered in fur. (AC +1)
You have tough skin. (AC +1)


Message History

You miss the bat. The bat closely misses you.
You completely miss the bat. The bat completely misses you.
The bat barely misses you.
You hit the bat but do no damage. The bat hits you but does no damage.
You hit the bat but do no damage. The bat barely misses you.
The bat closely misses you.
You hit the bat.
You kill the bat!
No target in view!
A frilled lizard comes into view.
Found a ring mail.
The frilled lizard hisses angrily.
You closely miss the frilled lizard.
The frilled lizard bites you but does no damage. x2
You barely miss the frilled lizard.
The frilled lizard bites you but does no damage.
You thump the frilled lizard!
You kill the frilled lizard!
No target in view!
You see here a +0 ring mail.
A giant cockroach comes into view.
You barely miss the giant cockroach. The giant cockroach closely misses you.
The giant cockroach bites you but does no damage.
You hit the giant cockroach but do no damage.
The giant cockroach bites you.
You sock the giant cockroach!
You kill the giant cockroach!
You open the door.
There is an open door here.
There is an open door here.
A goblin comes into view.
It is wielding a +1 dagger of distortion.
The goblin shouts!
You barely miss the goblin. The goblin hits you but does no damage.
Space warps horribly around you!
Ouch! That really hurt!
You closely miss the goblin. The goblin hits you but does no damage.
Space warps horribly around you!
* * * LOW HITPOINT WARNING * * *
The goblin hits you with a +1 dagger of distortion.
You die...

##.##.# #.##.##
##.......## ####.#
#.##### ##.....## ####.#
... .# ##...## #....#
#.# .# ##'## #.####
#.###.########.##### #.#
#.#...#.. ...#.....# #.#
.....#.####.#.###.# #.#
#.g.#.##.....# #.# #.#
#.#####@.#.##.#...###.#
#.#
#........#.##.#.......#
##.#
#######.##......#.#.####
...# #.......#####.....
#### ######### ######


You could see a goblin.

Vanquished Creatures
  A ball python (D:1)
  2 endoplasms (D:1)
  A giant cockroach (D:1)
  2 hobgoblins (D:1)
  A quokka (D:1)
  2 bats (D:1)
  3 frilled lizards (D:1)
  A goblin (D:1)
  A kobold (D:1)
  5 rats (D:1)
19 creatures vanquished.

Notes
Turn   | Place    | Note
-------+----------+-------------------------------------------
     0 | D:1      | mcbry74 the Troll Gladiator began the quest for the Orb.
     0 | D:1      | Reached XP level 1. HP: 19/19 MP: 0/0
    55 | D:1      | Reached skill level 3 in Maces & Flails
   184 | D:1      | Reached XP level 2. HP: 27/27 MP: 1/1
   776 | D:1      | Slain by a goblin

Illustrated notes

Levels and vault maps discovered:
D:1:      lightli_arrival_boilingwater, layout_loops_corners, chequers_garden

Skill      XL: |  1 |
---------------+----+-----
Maces & Flails | 3 |  3.5
Fighting       | |  1.5
Throwing       | |  1.7
Dodging        | |  2.4

Action                   || total
-------------------------++-------
Melee: Flail             ||    54
 Stab: Sleeping          ||     2
Armor: Robe              ||    30
Dodge: Dodged            ||    30

Table legend: (Time is in decaauts)
 A = Elapsed time spent in this place.
 B = Non-inter-level travel time spent in this place.
 C = Inter-level travel time spent in this place.
 D = Time resting spent in this place.
 E = Time spent auto-exploring this place.
 F = Levels seen in this place.
 G = Mean time per level.
                   A        B        C        D        E       F      G
               +--------+--------+--------+--------+--------+-----+--------+
         Total |    789 |    789 |      0 |      0 |    618 |   1 |  789.0 |
       Dungeon |    789 |    789 |      0 |      0 |    618 |   1 |  789.0 |
               +--------+--------+--------+--------+--------+-----+--------+

Top non-repeatable levels by time:
     D:1: 789 daAuts
